 Dungeon Crawl Stone Soup version 0.17-a0-1475-g9f81d98 (webtiles) character file.

49632 nubinia the Devastator (level 14, -5/76 HPs)
             Began as a Tengu Fire Elementalist on July 2, 2015.
             Was the Champion of Ashenzari.
             Killed from afar by Aizul (29 damage)
             ... with a bolt of poison
             ... on level 1 of the Swamp on July 3, 2015.
             The game lasted 03:22:25 (30832 turns).

nubinia the Devastator (Tengu Fire Elementalist)   Turns: 30832, Time: 03:22:26

Health: -5/76      AC: 15    Str: 11    XL:     14   Next: 51%
Magic:  13/30      EV: 24    Int: 19    God:    Ashenzari [******]
Gold:   2359       SH: 10    Dex: 23    Spells: 8 memorised, 9 levels left

rFire  + . .     SeeInvis +     T - +4 flail (protect) (curse)
rCold  + + .     Clarity  +     d - +2 robe {rC+ rF+}
rNeg   + . .     SustAt   .     g - +0 shield (curse)
rPois  .         Gourm    .     (helmet restricted)
rElec  +         Spirit   .     p - +2 cloak
rCorr  +         Warding  .     G - +2 pair of gloves {Dex+3}
rMut   .         Stasis   .     (boots unavailable)
MR     ++...                    y - amulet of resist corrosion (curse)
Stlth  ++++......               v - ring of Geubb {rElec rC+ MR+ Str+3 Dex+3} (curse)
                                R - ring of positive energy (curse)

@: lethally poisoned (-5 -> -14), flying quickly and evasively, very slightly
contaminated, quick, very resistant to hostile enchantments, stealthy
A: beak, talons 3, able to fly 2
a: Stop Flying, Scrying, Transfer Knowledge, Renounce Religion


You were on level 1 of the Swamp.
You worshipped Ashenzari.
Ashenzari was exalted by your worship.
You were not hungry.

You visited 5 branches of the dungeon, and saw 23 of its levels.
You also visited: Labyrinth, Ossuary and Volcano.

You collected 2359 gold pieces.

Inventory:

Hand weapons
 T - a cursed +4 flail of protection (weapon)
Missiles
 b - 380 stones (quivered)
Armour
 d - a +2 robe of resistance (worn)
 g - a cursed +0 shield (worn)
 p - a +2 cloak (worn)
 B - a +1 leather armour of poison resistance
 G - a +2 pair of gloves of dexterity (worn)
Jewellery
 v - the cursed ring of Geubb (right hand) {rElec rC+ MR+ Str+3 Dex+3}
   (You took it off a minotaur in a labyrinth)

   [ring of protection from magic]

   It affects your strength (+3).
   It affects your dexterity (+3).
   It protects you from cold.
   It insulates you from electricity.
   It affects your resistance to hostile enchantments.
   It has a curse placed upon it.
 y - a cursed amulet of resist corrosion (around neck)
 R - a cursed ring of positive energy (left hand)
Magical devices
 a - a wand of invisibility (4)
 e - a wand of draining (7)
 H - a wand of hasting (1)
 K - a wand of fire (1)
 O - a wand of invisibility (1)
 Y - a wand of teleportation (2)
 Z - a wand of fire (3)
Scrolls
 n - a scroll of remove curse
 o - 7 scrolls of curse armour
 t - a scroll of holy word
 u - 3 scrolls of curse weapon
 z - 4 scrolls of identify
 C - 2 scrolls of teleportation
 I - a scroll of enchant armour
 J - 4 scrolls of fear
 P - a scroll of magic mapping
Potions
 f - 2 potions of might
 i - a potion of cancellation
 j - 2 potions of heal wounds
 k - 5 potions of berserk rage
 l - a potion of magic
 q - 4 potions of curing
 r - 4 potions of brilliance
 x - 2 potions of haste
 A - 2 potions of resistance
 U - 2 potions of agility
Miscellaneous
 N - a phial of floods
Comestibles
 c - 8 bread rations
 h - 6 meat rations
 Q - 10 beef jerkies
 V - 6 fruits


   Skills:
 + Level 4.6 Fighting
   Level 1.6(1.8) Short Blades
   Level 0.9(1.4) Long Blades
 + Level 4.0(8.5) Maces & Flails
   Level 3.2(4.2) Staves
 + Level 3.2 Throwing
 + Level 0.7 Armour
 + Level 9.4 Dodging
 + Level 7.6 Stealth
 * Level 2.9(5.4) Shields
 + Level 11.5 Spellcasting
 + Level 15.4(19.4) Conjurations
 + Level 12.8(16.9) Fire Magic
 - Level 1.1(3.7) Earth Magic
 + Level 0.2(1.3) Evocations


You had 9 spell levels left.
You knew the following spells:

 Your Spells              Type           Power        Failure   Level  Hunger
a - Flame Tongue          Conj/Fire      #####        0%          1    None
b - Throw Flame           Conj/Fire      ######       1%          2    None
c - Conjure Flame         Conj/Fire      ######..     1%          3    None
d - Sticky Flame          Conj/Fire      ######..     1%          4    ##.....
e - Fireball              Conj/Fire      ######....   1%          5    ####...
f - Ignite Poison         Fire/Trmt/Pois ####....     8%          3    None
g - Iskenderun's Mystic   Conj           ######..     1%          4    ##.....
m - Bolt of Magma         Conj/Fire/Erth ######....   2%          5    ####...


Dungeon Overview and Level Annotations

Branches:
Dungeon (11/15)            Temple (1/1) D:7            Lair (7/8) D:9
  Swamp (1/4) Lair:5        Snake (0/4) Lair:3        Slime (0/6) Lair:6
    Orc (3/4) D:11            Elf (0/3) Orc:3

Altars:
Ashenzari
Cheibriados
Dithmenos
Elyvilon
Fedhas
Gozag
Kikubaaqudgha
Makhleb
Nemelex Xobeh
Okawaru
Qazlal
Ru
Sif Muna
Trog
Vehumet
Xom
Yredelemnul
Zin
The Shining One
Beogh
Jiyva

Shops:
Orc:1 =   Orc:2 =

Annotations:
D:8 Gastronok
Swamp:1 Aizul


Innate Abilities, Weirdness & Mutations

You have a beak for a mouth.
You have claws for feet.
You can fly continuously.


Message History

You don't have any such object.
Read which item? (? for menu, Esc to quit)
Huh?
Read which item? (? for menu, Esc to quit)
Okay, then.
Read which item? (? for menu, Esc to quit)
As you read the scroll of fog, it crumbles to dust.
The scroll dissolves into smoke.
Casting: Fireball
Confirm with . or Enter, or press ? or * to list all spells.
Aiming: Sticky Flame
Press: ? - help, Shift-Dir - straight line, f - Aizul
Aim: Aizul (black smoke, moderately wounded)
The sticky flame hits Aizul.
Aizul is moderately wounded.
Aizul is covered in liquid flames!
Aizul burns!
Aizul casts a spell at you. The bolt of poison hits you!
You are poisoned.
You die...

, * ≈≈≈...≈.≈≈≈..≈≈....≈ , ≈≈ ≈
* ♣≈..≈≈≈∆≈≈..≈≈≈≈≈.≈≈≈ , ≈,
♣♣♣♣.≈≈.≈≈≈≈≈≈≈≈≈≈≈≈.≈ ≈, ,* ,
♣♣.......≈≈≈≈≈≈≈≈≈....≈ , , ≈
**♣♣.......≈≈≈≈≈≈≈≈....≈.≈ ,
≈,*♣♣...#'##..≈.≈..≈....≈≈≈≈ ,
..♣♣♣P.##S{.##§§§§§♣.<...≈≈≈≈≈,
.≈≈....#.....##S§§♣♣♣.≈..≈≈≈≈≈
,, ,, ,,,#...#...#§@♣♣
♣.≈≈≈.≈≈≈≈≈,,
.≈≈....§S###..#§§♣ ♣....≈≈≈≈ ≈,
....§.#§...,..#§§♣ ♣♣♣...≈.≈≈ ,
.....{##.....##..≈* ,,♣♣♣≈.≈ >
.≈.≈≈, ##.÷.##..≈.. ≈ ♣♣. .≈≈.{
.###..≈≈.≈∆* * * * .... ,..
,....≈≈≈≈ * * ....,,≈≈
....♣♣..≈≈≈≈ ** , ≈≈ ≈ *** ≈≈≈
, ,, ≈


You could see Aizul (burning).

Vanquished Creatures
  Rupert (Orc:2)
  A minotaur (Lab)
  4 hydras
  Harold (Lair:1)
  Erica (D:8)
  A death yak (Lair:3)
  6 hill giants
  2 fire crabs (Lair:6)
  An unseen horror (D:11)
  Pikel (D:4)
  A griffon (Lair:4)
  An orc sorcerer (Orc:3)
  7 ugly things
  5 black mambas
  5 elephants (Lair:2)
  Joseph (D:9)
  12 spiny frogs
  Psyche (D:10)
  2 molten gargoyles (Lair:4)
  An efreet (D:10)
  A fire drake (Volcano)
  7 komodo dragons
  A giant leech (Lair:5)
  Prince Ribbit (D:8)
  3 two-headed ogres
  2 bog bodies
  A blink frog (Lair:7)
  2 vampire mosquitoes
  Sigmund (D:4)
  A trapdoor spider (D:10)
  A deep elf mage (D:11)
  A fire bat (Volcano)
  Eustachio (D:4)
  A steam dragon (Lair:6)
  34 yaks
  2 basilisks
  6 hippogriffs
  Grum (D:8)
  6 swamp worms (Lair:5)
  Menkaure (D:5)
  7 wolves
  9 water moccasins
  A swamp drake (Swamp:1)
  12 porcupines
  2 slaves (D:4)
  A warg (Orc:1)
  A hell hound (Volcano)
  4 ice beasts
  10 orc warriors
  5 sky beasts
  7 necrophages
  11 ogres
  13 centaurs
  2 eyes of draining
  7 crocodiles
  2 big kobolds
  2 phantoms
  Blork the orc (D:4)
  17 giant frogs
  A gnoll sergeant (D:8)
  2 scorpions
  A wyvern skeleton (D:11)
  2 electric eels
  5 killer bees (D:10)
  2 crimson imps
  A centaur zombie (D:6)
  17 orc priests
  6 gnoll shamans (D:5)
  6 hounds
  A quasit (D:7)
  5 lava snakes (Lair:4)
  20 orc wizards
  A centaur skeleton (D:7)
  4 jellies
  Crazy Yiuf (D:5)
  Jessica (D:3)
  6 iguanas
  2 worker ants
  13 sheep
  A hound zombie (D:11)
  A hound skeleton (D:10)
  9 mummies
  2 worker ant zombies
  13 adders
  44 gnolls
  17 river rats
  2 shadow imps
  2 oozes (D:2)
  3 adder skeletons
  An adder zombie (D:9)
  6 worms
  6 giant geckos
  113 orcs
  16 bats
  2 bat skeletons
  A bat zombie (D:5)
  3 giant cockroaches
  18 hobgoblins
  6 quokkas
  3 ball pythons
  A giant cockroach zombie (D:5)
  A giant gecko skeleton (D:5)
  7 giant newts
  2 gnoll zombies (Ossuary)
  21 goblins
  3 hobgoblin zombies (Ossuary)
  32 jackals
  22 kobolds
  A kobold zombie (Ossuary)
  2 orc zombies (Ossuary)
  21 rats
  A bush (Lair:2)
  A fungus (Lair:2)
724 creatures vanquished.

Vanquished Creatures (others)
  An ogre (Orc:3)
  An orc (Orc:3)
  A hobgoblin (Orc:3)
  A goblin (Orc:3)
  4 fungi
  4 plants
12 creatures vanquished.

Grand Total: 736 creatures vanquished

Notes
Turn   | Place    | Note
--------------------------------------------------------------
     0 | D:1      | nubinia the Tengu Fire Elementalist began the quest for the Orb.
     0 | D:1      | Reached XP level 1. HP: 10/10 MP: 4/4
   264 | D:1      | Found an iron altar of Okawaru.
   485 | D:1      | Reached XP level 2. HP: 15/15 MP: 6/6
   501 | D:1      | Learned a level 2 spell: Throw Flame
   772 | D:1      | Reached XP level 3. HP: 19/19 MP: 7/7
   777 | D:1      | Learned a level 3 spell: Conjure Flame
  1634 | D:2      | Found a faded altar to an unknown god.
  1667 | D:2      | Found a sacrificial altar of Ru.
  1906 | D:2      | Reached XP level 4. HP: 24/24 MP: 2/8
  2689 | D:3      | Gained mutation: You can fly. [Tengu growth]
  2689 | D:3      | Reached XP level 5. HP: 28/28 MP: 9/9
  2811 | D:3      | Reached skill level 1 in Fighting
  3133 | D:3      | Reached skill level 4 in Fire Magic
  3223 | D:3      | Found a shadowy altar of Dithmenos.
  3726 | D:3      | Noticed Jessica
  3941 | D:3      | Killed Jessica
  3941 | D:3      | Reached XP level 6. HP: 32/34 MP: 6/11
  4001 | D:3      | Learned a level 4 spell: Sticky Flame
  4080 | D:4      | Noticed Eustachio
  4132 | D:4      | Killed Eustachio
  4197 | D:4      | Reached XP level 7. HP: 21/38 MP: 5/13
  4253 | D:4      | Found a sand-covered staircase.
  4338 | Ossuary  | Entered an ossuary
  4777 | Ossuary  | Reached skill level 5 in Fire Magic
  5096 | D:4      | Noticed Sigmund
  5757 | D:4      | Noticed Pikel
  6264 | D:4      | Noticed Blork the orc
  6496 | D:4      | Reached skill level 5 in Conjurations
  6678 | D:5      | Entered Level 5 of the Dungeon
  6958 | D:5      | Reached skill level 1 in Short Blades
  6958 | D:5      | Reached XP level 8. HP: 43/43 MP: 5/15
  7194 | D:5      | Reached skill level 6 in Conjurations
  8451 | D:5      | Noticed Menkaure
  8910 | D:5      | Noticed Crazy Yiuf
  8916 | D:5      | Killed Crazy Yiuf
  8916 | D:5      | Reached skill level 7 in Conjurations
  9250 | D:5      | Reached skill level 1 in Throwing
  9634 | D:5      | Reached skill level 5 in Spellcasting
  9650 | D:5      | Learned a level 5 spell: Fireball
 10000 | D:5      | Reached XP level 9. HP: 47/47 MP: 10/17
 10096 | D:5      | Reached skill level 8 in Conjurations
 10284 | D:5      | Killed Menkaure
 10640 | D:4      | Killed Sigmund
 10834 | D:4      | Killed Pikel
 10834 | D:4      | Reached skill level 9 in Conjurations
 11044 | D:4      | Killed Blork the orc
 11837 | D:6      | Found a shattered altar of Ashenzari.
 11899 | D:6      | Became a worshipper of Ashenzari the Shackled
 12317 | D:6      | Reached skill level 10 in Conjurations
 12623 | D:7      | Reached XP level 10. HP: 39/53 MP: 11/20
 12946 | D:7      | Reached skill level 5 in Dodging
 13538 | D:7      | Found a staircase to the Ecumenical Temple.
 13550 | Temple   | Entered the Ecumenical Temple
 13634 | D:8      | Noticed Gastronok
 13784 | D:8      | Reached skill level 5 in Stealth
 13824 | D:8      | Noticed Grum
 13842 | D:8      | Killed Grum
 14065 | D:8      | Noticed Prince Ribbit
 14071 | D:8      | Killed Prince Ribbit
 14098 | D:8      | Found a blossoming altar of Fedhas.
 14268 | D:8      | Noticed Erica
 14268 | D:8      | Reached skill level 11 in Conjurations
 14280 | D:8      | Killed Erica
 14463 | D:8      | Found a snail-covered altar of Cheibriados.
 14491 | D:8      | Reached skill level 1 in Maces & Flails
 15561 | D:9      | Noticed Joseph
 15571 | D:9      | Killed Joseph
 15571 | D:9      | Reached XP level 11. HP: 34/57 MP: 14/23
 16074 | D:9      | Found a sparkling altar of Nemelex Xobeh.
 16148 | D:9      | Noticed an angel
 16149 | D:9      | Found a glowing silver altar of Zin.
 16361 | D:9      | Found a staircase to the Lair.
 16419 | Lair:1   | Entered Level 1 of the Lair of Beasts
 16526 | Lair:1   | Reached skill level 1 in Staves
 16571 | Lair:1   | Reached skill level 12 in Conjurations
 16671 | Lair:1   | Noticed an eight-headed hydra
 16715 | Lair:1   | Killed an eight-headed hydra
 17000 | Lair:1   | Acquired Ashenzari's first power
 17375 | Lair:1   | Noticed Harold
 17386 | Lair:1   | Killed Harold
 17516 | Lair:2   | Found a labyrinth entrance.
 17521 | Lab      | Entered a labyrinth
 17570 | Lab      | Noticed a minotaur
 17575 | Lab      | Killed a minotaur
 17575 | Lab      | Identified the ring of Geubb {rElec rC+ MR+ Str+3 Dex+3} (You took it off a minotaur in a labyrinth)
 17718 | Lair:2   | Reached skill level 10 in Fire Magic
 17744 | Lair:2   | Reached XP level 12. HP: 64/64 MP: 4/25
 18363 | Lair:2   | Found a blossoming altar of Fedhas.
 18450 | Lair:2   | Learned a level 3 spell: Ignite Poison
 18592 | Lair:3   | Noticed a death yak
 18602 | Lair:2   | Reached skill level 13 in Conjurations
 18912 | Lair:3   | Acquired Ashenzari's second power
 19411 | Lair:3   | Found a staircase to the Snake Pit.
 19573 | Lair:3   | Killed a death yak
 20827 | Lair:4   | Acquired Ashenzari's third power
 20901 | Lair:4   | Reached skill level 10 in Spellcasting
 21394 | Lair:4   | Noticed a five-headed hydra
 21397 | Lair:4   | Killed a five-headed hydra
 21397 | Lair:4   | Reached XP level 13. HP: 69/69 MP: 11/28
 22031 | Lair:5   | Reached skill level 14 in Conjurations
 22161 | Lair:5   | Learned a level 4 spell: Iskenderun's Mystic Blast
 22167 | Lair:5   | Learned a level 5 spell: Bolt of Magma
 22795 | Lair:5   | Found a staircase to the Swamp.
 23558 | Lair:6   | Acquired Ashenzari's fourth power
 24161 | Lair:6   | Found a viscous altar of Jiyva.
 24161 | Lair:6   | Found a staircase to the Slime Pits.
 24871 | Lair:7   | Reached skill level 1 in Earth Magic
 25086 | D:10     | Entered Level 10 of the Dungeon
 25676 | D:10     | Noticed Psyche
 25683 | D:10     | Killed Psyche
 26202 | D:10     | Reached skill level 15 in Conjurations
 26704 | D:11     | Gained mutation: You can fly continuously. [Tengu growth]
 26704 | D:11     | Reached XP level 14. HP: 76/76 MP: 19/30
 27208 | D:11     | Found a staircase to the Orcish Mines.
 27678 | Lair:2   | Reached skill level 1 in Shields
 27837 | Orc:1    | Entered Level 1 of the Orcish Mines
 27983 | Orc:2    | Noticed Rupert
 27988 | Orc:2    | Killed Rupert
 28322 | Orc:2    | Found Joenus's Jewellery Shop.
 28648 | Orc:1    | Found a roughly hewn altar of Beogh.
 28873 | Orc:1    | Found Acvitah's Jewellery Emporium.
 29073 | Orc:3    | Found a staircase to the Elven Halls.
 29115 | Orc:3    | Found a dark tunnel.
 29123 | Volcano  | Entered a volcano
 30265 | Swamp:1  | Entered Level 1 of the Swamp
 30818 | Swamp:1  | Noticed Aizul
 30832 | Swamp:1  | Killed from afar by Aizul

Vault maps used:
D:1:      lemuel_arrival_tunnels, serial_bayou_pond_e, okawaru_ov_weapons_minmay
D:2:      forest_paths, nicolae_ru_great_annihilating_truth, ecumenical_altar_1
D:3:      grunt_dithmenos_smoke_and_mirrors, uniq_jessica
D:4:      first_bread, enter_ossuary_2, uniq_sigmund, uniq_blork_the_orc,
          uniq_eustachio, uniq_pikel
D:5:      lemuel_castle_with_subvaults, uniq_menkaure, uniq_crazy_yiuf_cottage
D:6:      evilmike_ruin_ashenzari, serial_glass, glass_columns_c,
          glass_columns_b
D:7:      temple_green, grunt_ogre_cave, st_stairs_8, item_on_display_a
D:8:      slow_altar_1, fedhas_bush_and_centaur_altar, kennysheep_nub,
          uniq_gastronok, uniq_grum, uniq_erica, uniq_prince_ribbit1
D:9:      lemuel_crystal_altar, zin_angel, lair_0_dummy,
          hangedman_abyss_or_decor_stabs, uniq_joseph
D:10:     minmay_diamond_stairs, st_stairs_13, kennysheep_generic_room_5,
          uniq_psyche
D:11:     orc_0_dummy
Temple:   nicolae_temple_god_jail
Lair:1:   st_stairs_8, serial_bayou_pond_b, beast_lair_carwin_6, uniq_harold
Lair:2:   lab_entry_generic, lemuel_centaur_altar
Lair:3:   dummy_snake_entry, st_stairs_9
Lair:4:   cheibrodos_magma_flow, roderic_carrion_pond,
          infiniplex_staircase_pool_2, serial_bayou_shore_b,
          serial_bayou_shore_b
Lair:5:   nicolae_swamp_entry_splash_gauntlet
Lair:6:   dpeg_slime_entry_enclosed_altar
Lair:7:   basic_altar, nicolae_quartered_pool_little
Swamp:1:  evilmike_swamp_ruin_house_3, uniq_aizul, uniq_josephine
Orc:1:    serial_shops, shop, basic_altar
Orc:2:    serial_shops, shop, uniq_rupert
Orc:3:    enter_volcano_1, nicolae_orc_pool_cavern
Lab:      nicolae_lab_dead_adventurers, nicolae_lab_grate, nicolae_lab_arrow,
          labyrinth_skeletal_remains
Ossuary:  ossuary_tomb_3
Volcano:  volcano_village

Action                   |  1- 3 |  4- 6 |  7- 9 | 10-12 | 13-15 || total
-------------------------+-------+-------+-------+-------+-------++-------
Melee: Unarmed           |     8 |       |       |       |       ||     8
       Falchion          |    63 |    60 |       |       |       ||   123
       Rapier            |       |     3 |    68 |       |       ||    71
       Whip              |       |       |     6 |    80 |       ||    86
       Quarterstaff      |       |       |       |    94 |       ||    94
       Flail             |       |       |       |    55 |   324 ||   379
 Fire: Blowgun           |       |     1 |    52 |       |       ||    53
Throw: Stone             |       |       |       |     1 |     6 ||     7
 Cast: Flame Tongue      |    38 |    65 |   189 |   207 |   163 ||   662
       Throw Flame       |     6 |    35 |   156 |   109 |    74 ||   380
       Conjure Flame     |       |     1 |     3 |     6 |     2 ||    12
       Sticky Flame      |       |       |    10 |    49 |    64 ||   123
       Fireball          |       |       |       |    20 |    51 ||    71
       Bolt of Magma     |       |       |       |       |    25 ||    25
       Iskenderun's Myst |       |       |       |       |    22 ||    22
       Ignite Poison     |       |       |       |       |     1 ||     1
 Abil: Fly               |       |       |     4 |     1 |     1 ||     6
Evoke: Wand              |       |       |       |     1 |     3 ||     4
  Use: Scroll            |     4 |     2 |    10 |    18 |    14 ||    48
       Potion            |       |       |     5 |     1 |     5 ||    11
 Stab: Sleeping          |     2 |     7 |     3 |    11 |    11 ||    34
       Paralysed         |     2 |       |       |       |       ||     2
       Distracted        |     1 |     1 |     5 |     2 |     2 ||    11
       Invisible         |     1 |       |       |       |     4 ||     5
  Eat: Chunk             |     4 |    10 |    20 |    33 |    39 ||   106
       Bread ration      |       |       |     2 |       |       ||     2
       Beef jerky        |       |       |     1 |       |       ||     1
       Royal jelly       |       |       |       |     1 |     1 ||     2
       Pizza             |       |       |       |     1 |     1 ||     2
       Meat ration       |       |       |       |       |     1 ||     1
